 Dungeon Crawl Stone Soup version 0.26.0-10-g1f06aea511 (webtiles) character file.

Game seed: 13467341338147785027

307 Borgoz the Ducker (level 6, -3/51 HPs)
             Began as a Ghoul Gladiator on Jan 30, 2021.
             Killed by divine providence
             ... invoked by an orc priest
              (10 damage)
             ... while paralysed
             ... on level 4 of the Dungeon.
             The game lasted 00:04:14 (3381 turns).

Borgoz the Ducker (Ghoul Gladiator)                 Turns: 3381, Time: 00:04:14

Health: -3/51      AC:  7    Str: 18      XL:     6   Next: 40%
Magic:  5/5        EV:  2    Int:  0 (3)  God:
Gold:   261        SH:  0    Dex: 11 (12) Spells: 5/5 levels left

rFire    . . .     SeeInvis .   b - +2 dagger (venom)
rCold    + . .     Faith    .   (no shield)
rNeg     + + +     Spirit   .   l - +0 ring mail
rPois    ∞         Reflect  .   c - +0 helmet
rElec    .         Harm     .   m - +0 cloak
rCorr    .         Rampage  .   (no gloves)
Will     .....                  (no boots)
Stlth    +.........             (no amulet)
HPRegen  0.00/turn              (no ring)
MPRegen  0.09/turn              (no ring)

@: paralysed, slowed, lost intelligence
A: claws 1, cold resistance 1, negative energy resistance 3, inhibited
regeneration, torment resistance, unbreathing
a: no special abilities


You were on level 4 of the Dungeon.
You visited 1 branch of the dungeon, and saw 4 of its levels.

You collected 261 gold pieces.

Inventory:

Hand Weapons
 a - a +0 long sword
 b - a +2 dagger of venom (weapon)
Missiles
 d - 4 throwing nets (quivered)
Armour
 c - a +0 helmet (worn)
 l - a +0 ring mail (worn)
 m - a +0 cloak (worn)
Wands
 q - a wand of iceblast (10)
Scrolls
 e - 2 scrolls of remove curse {unknown}
 f - 2 scrolls of amnesia {unknown}
 h - 2 scrolls of enchant armour {unknown}
 i - 3 scrolls of identify {unknown}
 n - 2 scrolls of enchant weapon {unknown}
 o - a scroll of teleportation {unknown}
 p - a scroll of fear {unknown}
Potions
 g - a potion of brilliance {unknown}
 j - 2 potions of mutation
 k - a potion of heal wounds {unknown}


   Skills:
 + Level 3.5 Fighting
 * Level 4.2 Long Blades
 - Level 1.7 Throwing
 + Level 2.0 Armour
 * Level 4.2 Dodging


You had 5 spell levels left.
You didn't know any spells.
Your spell library contained the following spells:

 Spells                   Type           Power        Failure   Level
 Animate Skeleton         Necr           0%           78%         1
 Apportation              Tloc           0%           78%         1
 Corona                   Hex            0%           78%         1
 Summon Small Mammal      Summ           0%           78%         1


Dungeon Overview and Level Annotations

Branches:
Dungeon (4/15)
 Temple: D:4-7

Altars:

Portals:
Ossuary: D:4

Annotations:
D:4 Blork the orc


Innate Abilities, Weirdness & Mutations

You thrive by killing the living.
You are immune to poison.
You have sharp fingernails.
Your flesh is cold resistant. (rC+)
You are immune to negative energy. (rN+++)
You do not regenerate when monsters are visible.
You are immune to unholy pain and torment.
You can survive without breathing.


Message History

Beogh smites you!
* * * LOW HITPOINT WARNING * * *
Blork the orc gestures at you while chanting.
The puff of frost hits you. You resist.
* * * LOW HITPOINT WARNING * * *
It was a potion of mutation.
You feel extremely strange.
Your body decomposes!
You feel dopey.
Your body decomposes!
You feel clumsy.
Your body decomposes!
You feel dopey.
Your body decomposes!
You feel dopey.
You have lost your intelligence.
The orc priest hits you but does no damage.
Blork the orc hits you with a +0 short sword.
* * * LOW HITPOINT WARNING * * *
The orc priest invokes the aid of Beogh against you.
Beogh smites you!
You die...

.## ... ### .. #..
.#
#######.###.####
.............$<
#.##oo# ##...@# #
#...###
#..####.#.#
#......#.#
#.###..#.####..>
#..##...........
###......#.####...
...<........##
......(..#...##


You could see Blork the orc (extremely poisoned) and an orc priest (very
poisoned).

Vanquished Creatures
  An orc wizard (D:3)
  Crazy Yiuf (D:2)
  2 orc priests
  Jessica (D:2)
  4 adders
  4 oozes
  2 worms (D:2)
  3 leopard geckos
  10 orcs
  2 ball pythons (D:1)
  3 giant cockroaches
  13 goblins
  11 hobgoblins
  4 jackals
  11 kobolds
  8 bats
  6 frilled lizards
  9 rats
95 creatures vanquished.

Notes
Turn   | Place    | Note
-------+----------+-------------------------------------------
     0 | D:1      | Borgoz the Ghoul Gladiator began the quest for the Orb.
     0 | D:1      | Reached XP level 1. HP: 17/17 MP: 0/0
   294 | D:1      | Reached XP level 2. HP: 20/25 MP: 1/1
   438 | D:1      | Reached XP level 3. HP: 30/30 MP: 2/2
   636 | D:1      | Reached skill level 1 in Armour
   954 | D:2      | Reached XP level 4. HP: 34/37 MP: 3/3
  1222 | D:2      | Noticed Jessica
  1226 | D:2      | Killed Jessica
  1320 | D:2      | Found a runed translucent door.
  1321 | D:2      | Noticed Crazy Yiuf
  1330 | D:2      | Killed Crazy Yiuf
  1331 | D:2      | Reached XP level 5. HP: 45/45 MP: 4/4
  2578 | D:3      | Reached XP level 6. HP: 16/51 MP: 5/5
  3341 | D:4      | Found a sand-covered staircase.
  3364 | D:4      | Noticed Blork the orc
  3380 | D:4      | Lost intelligence.
  3381 | D:4      | Killed from afar by an orc priest

Illustrated notes

Levels and vault maps discovered:
D:1:      erik_arrival_blinker_ship, layout_loops_ring, due_unseen_surprise
D:2:      layout_basic, minmay_3d_cube, uniq_jessica, uniq_crazy_yiuf_cottage
D:3:      layout_rooms
D:4:      layout_rooms, nicolae_ossuary_entry_ruins, uniq_blork_the_orc

Skill      XL: |  1  2  3  4  5  6 |
---------------+-------------------+-----
Long Blades    | 3 4 |  4.2
Dodging        | 3 4 |  4.2
Armour         | 1 2 |  2.0
Fighting       | 3 |  3.5
Throwing       | |  1.7

Action                   |  1- 3 |  4- 6 || total
-------------------------+-------+-------++-------
Melee: Long sword        |   102 |   163 ||   265
       Dagger            |       |    15 ||    15
Throw: Throwing net      |       |     1 ||     1
  Use: Potion            |       |     3 ||     3
Armor: Leather armour    |    36 |     4 ||    40
       Ring mail         |       |    94 ||    94
Dodge: Dodged            |    72 |   175 ||   247
       Rpst.: Long sword |    27 |    54 ||    81
